 Dungeon Crawl Stone Soup version 0.31.0-4-g52a2dc7128 (webtiles) character file.

Game seed: 6290868076944347564

256 Aviak the Sneak (level 5, -2/25 HPs)
             Began as a Spriggan Alchemist on Jan 21, 2024.
             Killed by divine providence
             ... invoked by an orc priest
              (15 damage)
             ... on level 4 of the Dungeon.
             The game lasted 00:06:32 (3119 turns).

Aviak the Sneak (Spriggan Alchemist)                Turns: 3119, Time: 00:06:33

Health: -2/25      AC:  3    Str:  4    XL:     5   Next: 92%
Magic:  8/12       EV: 20    Int: 16    God:
Gold:   245        SH:  0    Dex: 24    Spells: 9/12 levels left

rFire   + . .        o - +2 long sword (elec)
rCold   . . .        (no shield)
rNeg    . . .        a - +0 robe
rPois   .            (helmet restricted)
rElec   .            q - +0 cloak
rCorr   .            (gloves unavailable)
SInv    +            (boots unavailable)
Will    .....        (no amulet)
Stlth   ++++         g - +6 ring of dexterity
HPRegen 0.24/turn    F - ring of protection from fire
MPRegen 0.13/turn

%: no passive effects
@: very slightly contaminated, very quick
A: very small, no large weapons, unfitting armour, see invisible, speed 3
a: no special abilities


You were on level 4 of the Dungeon.
You visited 1 branch of the dungeon, and saw 4 of its levels.

You collected 245 gold pieces.

Inventory:

Hand Weapons
 f - a +0 dagger
 o - a +2 long sword of electrocution (weapon)
Armour
 a - a +0 robe (worn)
 q - a +0 cloak (worn)
Magical Staves
 s - a staff of earth
Jewellery
 g - a +6 ring of dexterity (left hand)
 F - a ring of protection from fire (right hand)
Scrolls
 i - a scroll of identify
 j - a scroll of amnesia {unknown}
 l - 3 scrolls of fog
 m - 2 scrolls of revelation {unknown}
 p - a scroll of enchant weapon {unknown}
 t - 2 scrolls of teleportation
Potions
 b - a potion of magic
 c - 3 potions of curing
 d - a potion of might
 e - a potion of berserk rage {unknown}
 h - a potion of enlightenment
 k - a potion of degeneration {unknown}
 n - a potion of attraction {unknown}
 r - a potion of mutation {unknown}


   Skills:
 + Level 1.1 Fighting
 - Level 4.1 Dodging
 + Level 5.5 Stealth
 + Level 4.4 Spellcasting
 - Level 0.6 Conjurations
 + Level 4.6 Alchemy


You had 9 spell levels left.
You knew the following spells:

 Your Spells              Type           Power      Damage    Failure   Level
a - Sting                 Conj/Alch      44%        1d5       5%          1
b - Mercury Vapours       Alch/Air       20%        N/A       10%         2

Your spell library contained the following spells:

 Spells                   Type           Power      Damage    Failure   Level
 Mephitic Cloud           Conj/Alch/Air  9%         N/A       24%         3
 Olgreb's Toxic Radiance  Alch           18%        N/A       24%         4
 Inner Flame              Hex/Fire       3%         N/A       43%         3
 Summon Ice Beast         Ice/Summ       3%         N/A       43%         3
 Sticky Flame             Fire/Alch      10%        2d5       54%         4
 Flame Wave               Conj/Fire      4%         2d5       82%         4
 Irradiate                Conj/Alch      5%         3d13      83%         5
 Summon Mana Viper        Hex/Summ       3%         N/A       99%         5
 Monstrous Menagerie      Summ           1%         N/A       100%        7
 Ignition                 Fire           1%         3d3       100%        8


Dungeon Overview and Level Annotations

Branches:
Dungeon (4/15)             Temple (0/1) D:4

Altars:
Fedhas
Okawaru

Shops:
D:3 =

Annotations:
D:4 Menkaure


Innate Abilities, Weirdness & Mutations

You are very small and have problems with some larger weapons.
You are too small for most types of armour.
You have supernaturally acute eyesight. (SInv)
You cover ground extremely quickly. (Speed+++)


Message History

You kill the ball python!
No target in view!
i - a scroll of identify An orc comes into view.
It is wielding a +0 mace.
The orc shouts!
You hear a shout!
An orc comes into view. It is wielding a +0 dagger.
An orc priest comes into view. It is wielding a +0 falchion.
You closely miss the orc. The orc hits you with a +0 mace.
The orc priest looks encouraged for a moment.
The orc hits you with a +0 mace.
You barely miss the orc. The orc closely misses you.
You slash the orc!
You kill the orc!
The orc priest mumbles some strange prayers to Beogh against you.
Beogh smites you!
* * * LOW HITPOINT WARNING * * *
You feel better. The orc barely misses you.
Casting: Sting (safe; 5% risk of failure)
Confirm with . or Enter, or press ? or * to list all spells.
Aiming: Mercury Vapours (safe; 10% risk of failure)
Press: ? - help, Dir - move target, f - orc priest
Aim: an orc priest, wielding a +0 falchion (chance to weaken: 96%) Fumes of mercury billow around the orc priest!
The orc priest is poisoned.
The orc priest looks weaker.
The orc looks weaker.
A goblin comes into view. It is wielding a +0 club.
The orc closely misses you.
Casting: Mercury Vapours (safe; 10% risk of failure)
Confirm with . or Enter, or press ? or * to list all spells.
Aiming: Mercury Vapours (safe; 10% risk of failure)
Press: ? - help, Dir - move target, f/p - orc priest
Aim: an orc priest, wielding a +0 falchion (lightly wounded, very poisoned, weak, chance to weaken: 96%)
You miscast Mercury Vapours.
You are very lightly contaminated with residual magic.
Nothing appears to happen.
The goblin shouts!
The orc barely misses you.
The orc priest invokes the aid of Beogh against you.
Beogh smites you!
Ouch! That really hurt!
You die...

########### #.###
##.#$...### #.... ##
....##.# ##### #. ....
####### .#... #......
...g #.##### #########
#o. #.......# #o#
#.#####.# #@# #.# #.#
#.# #.# #.# ###.###
#.#####.# #.....#
........# ###.....#.#
..###...####...........
#########..........####
# ......####.......#
>.#.>.#...>.##.###


You could see an orc priest (very poisoned, weak), an orc (weak) and a goblin.

Vanquished Creatures
  A bombardier beetle (D:3)
  Crazy Yiuf (D:2)
  A hound (D:4)
  4 gnolls
  4 adders
  3 ribbon worms (D:2)
  2 orcs
  10 bats
  6 endoplasms
  10 goblins
  A hobgoblin (D:1)
  5 quokkas
  3 ball pythons
  2 frilled lizards
  13 kobolds
  22 rats
88 creatures vanquished.

Notes
Turn   | Place    | Note
-------+----------+-------------------------------------------
     0 | D:1      | Aviak the Spriggan Alchemist began the quest for the Orb.
     0 | D:1      | Reached XP level 1. HP: 9/9 MP: 5/5
   139 | D:1      | You fall into a shaft and drop 1 floor!
   181 | D:2      | Reached XP level 2. HP: 13/13 MP: 0/7
   358 | D:1      | Reached XP level 3. HP: 8/16 MP: 0/8
  1122 | D:2      | Reached skill level 4 in Stealth
  1637 | D:2      | Reached XP level 4. HP: 21/21 MP: 5/10
  1779 | D:2      | Found a runed translucent door.
  1780 | D:2      | Noticed Crazy Yiuf
  1855 | D:2      | Learned a level 2 spell: Mercury Vapours
  1868 | D:2      | Killed Crazy Yiuf
  2246 | D:3      | Found Ogaka's Jewellery Shoppe.
  2252 | D:3      | Reached XP level 5. HP: 24/24 MP: 6/11
  2327 | D:3      | Reached skill level 5 in Stealth
  2706 | D:3      | Found an iron altar of Okawaru.
  2774 | D:4      | Reached skill level 1 in Fighting
  2817 | D:4      | Found a blossoming altar of Fedhas.
  2963 | D:4      | Noticed Menkaure
  3003 | D:4      | Found a staircase to the Ecumenical Temple.
  3119 | D:4      | Killed from afar by an orc priest

Illustrated notes

Levels and vault maps discovered:
D:1:      dpeg_arrival_lava_temple_mockup, layout_rooms,
          amcnicky_mini_corridor_feature
D:2:      kb_forest_paths, layout_rooms, uniq_crazy_yiuf_cottage
D:3:      layout_basic, pf_just_have_faith, serial_shops, shop, minmay_rat_hole
D:4:      layout_loops_ring, mainiacjoe_overflow_alcove_4,
          nemelex_spade_bored_becter, minmay_temple_entry_from_below_a,
          uniq_menkaure

Skill      XL: |  1  2  3  4  5 |
---------------+----------------+-----
Dodging        | 3 4 |  4.1
Spellcasting   | 3 4 |  4.4
Stealth        | 4 5 |  5.5
Alchemy        | 4 |  4.6
Fighting       | 1 |  1.1
Conjurations   | |  0.6

Action                     |  1- 3 |  4- 6 || total
---------------------------+-------+-------++-------
  Melee: Dagger            |    28 |       ||    28
         Long sword        |     1 |    72 ||    73
   Cast: Sting             |    87 |    21 ||   108
         Mercury Vapours   |       |     4 ||     4
    Use: Scroll            |       |     5 ||     5
         Potion            |       |     1 ||     1
   Stab: Sleeping          |       |     6 ||     6
 Armour: Robe              |     8 |    15 ||    23
  Dodge: Dodged            |    58 |    75 ||   133
